[Event "16th Spilimbergo Open 2018"]
[Site "Spilimbergo"]
[Date "2018.08.12"]
[Round "4.15"]
[White "Paltrinieri, Nicholas"]
[Black "Alonso Garcia, Rene Marcial"]
[Result "0-1"]
[ECO "A48"]
[WhiteElo "2288"]
[BlackElo "2344"]
[Annotator "NA"]
[PlyCount "100"]
[EventDate "2018.08.10"]
[EventType "swiss"]
[EventCountry "ITA"]
[SourceTitle "playchess.com"]
[Source "ChessBase"]
[SourceQuality "1"]
[TimeControl "5400+30"]

1. d4 d6 2. Bf4 g6 3. h3 Bg7 4. Nf3 Nf6 5. e3 O-O 6. Be2 b6 7. O-O Bb7 8. c4 c5 9. Nc3 cxd4 10. exd4 d5 11. Rc1 dxc4 12. Bxc4 Nc6 13. Be5 Rc8 14. b3 Bh6 15. Rc2 Nb4 16. Rb2 a6 17. Bxf6 exf6 18. a3 b5 19. axb4 bxc4 20. bxc4 Rxc4 21. Qd3 Qc7 22. Ne4 Bxe4 23. Qxe4 Rb8 24. Ra2 Qc8 25. Rfa1 Rb6 26. Qe7 Rcxb4 27. Qa7 Bf4 28. Re2 Bb8 29. Qe7 Rb1+ 30. Re1 Rxa1 31. Rxa1 Bd6 32. Qe2 Kg7 33. h4 h5 34. g3 Qa8 35. Nd2 Qb7 36. Qd3 Bc7 37. Ne4 Rb3 38. Qd1 Qd5 39. Rxa6 Rb4 40. Nxf6 Qb5 41. Kh2 Qxa6 42. Ne8+ Kf8 43. Nxc7 Qc6 44. Qd2 Rb1 45. d5 Qxc7 46. Qd4 Qb6 47. Qh8+ Ke7 48. Qe5+ Kd7 49. Kg2 Qd6 50. Qd4 Rb8 0-1

[Event "16th Spilimbergo Open 2018"]
[Site "Spilimbergo"]
[Date "2018.08.12"]
[Round "4.16"]
[White "Seresin, Francesco"]
[Black "Damia, Angelo"]
[Result "1/2-1/2"]
[ECO "E10"]
[WhiteElo "2279"]
[BlackElo "2313"]
[Annotator "NA"]
[PlyCount "27"]
[EventDate "2018.08.10"]
[EventType "swiss"]
[EventCountry "ITA"]
[SourceTitle "playchess.com"]
[Source "ChessBase"]
[SourceQuality "1"]
[TimeControl "5400+30"]

1. d4 Nf6 2. c4 e6 3. Nc3 a6 4. Nf3 c5 5. Bg5 cxd4 6. Qxd4 Nc6 7. Qd2 Bb4 8. a3 Ne4 9. Bxd8 Nxd2 10. Kxd2 Bxc3+ 11. Kxc3 Nxd8 12. e3 b6 13. Be2 Bb7 14. Rac1 1/2-1/2

[Event "16th Spilimbergo Open 2018"]
[Site "Spilimbergo"]
[Date "2018.08.14"]
[Round "7.12"]
[White "Altini, Nicola"]
[Black "Akshay, Krishna R"]
[Result "0-1"]
[ECO "A55"]
[WhiteElo "2425"]
[BlackElo "1445"]
[Annotator "ChessBase"]
[PlyCount "104"]
[EventDate "2018.08.10"]
[EventType "swiss"]
[EventCountry "ITA"]
[SourceTitle "playchess.com"]
[Source "ChessBase"]
[SourceQuality "1"]
[TimeControl "5400+30"]

1. d4 Nf6 2. c4 d6 3. Nf3 Nbd7 4. Nc3 e5 5. e4 Be7 6. Be2 O-O 7. O-O c6 8. d5 c5 9. Ne1 a6 10. a4 Ne8 11. a5 g6 12. Nd3 f5 13. f4 Ng7 14. fxe5 dxe5 15. exf5 gxf5 16. g4 e4 17. Nf4 Ne5 18. d6 Bxd6 19. Qd5+ Kh8 20. gxf5 Bxf5 21. Nxe4 Bc7 22. Qxd8 Raxd8 23. Nxc5 Rg8 24. Kf2 Ng4+ 25. Bxg4 Bxg4 26. h3 Bc8 27. Ra3 Rd4 28. Ncd3 Rxc4 29. Bd2 Rf8 30. Ke1 Kg8 31. Rg1 Bxf4 32. Nxf4 Rcxf4 33. Bxf4 Rxf4 34. Rc3 Be6 35. Kd2 h5 36. Ke3 Rf7 37. Kd4 Kh7 38. Ke5 Rf5+ 39. Kd6 Rxa5 40. Rc7 Rd5+ 41. Ke7 Bxh3 42. Rxb7 Bg4 43. Ra7 a5 44. b3 Kh6 45. Ra1 h4 46. R7xa5 Rxa5 47. Rxa5 h3 48. Ra2 Nf5+ 49. Kf6 Nd4 50. Ke5 Ne2 51. Ra1 Bf3 52. Rf1 h2 0-1

[Event "16th Spilimbergo Open 2018"]
[Site "Spilimbergo"]
[Date "2018.08.14"]
[Round "7.14"]
[White "Mesaros, Florian"]
[Black "Di Benedetto, Desiree"]
[Result "1-0"]
[ECO "A07"]
[WhiteElo "2422"]
[BlackElo "2295"]
[Annotator "ChessBase"]
[PlyCount "81"]
[EventDate "2018.08.10"]
[EventType "swiss"]
[EventCountry "ITA"]
[SourceTitle "playchess.com"]
[Source "ChessBase"]
[SourceQuality "1"]
[TimeControl "5400+30"]

1. Nf3 d5 2. g3 Nf6 3. Bg2 Bf5 4. d3 e6 5. O-O Be7 6. Nbd2 O-O 7. Qe1 h6 8. e4 Bh7 9. Qe2 c6 10. Re1 Na6 11. e5 Nd7 12. Nf1 c5 13. h4 Rc8 14. Bf4 Nb4 15. Qd2 b5 16. a3 Nc6 17. h5 c4 18. d4 c3 19. bxc3 Nb6 20. Ne3 Na5 21. Ng4 Kh8 22. Bf1 Nac4 23. Qc1 Bf5 24. Nfh2 Bg5 25. Bd3 Na4 26. Nf3 Bxg4 27. Nxg5 hxg5 28. Bxg5 f6 29. Bh4 Qe7 30. exf6 gxf6 31. Qf4 Bh3 32. Kh2 e5 33. dxe5 Nxe5 34. Rxe5 Qg7 35. Rxd5 Be6 36. Rd6 Nc5 37. Re1 Qf7 38. Rdxe6 Nxe6 39. Rxe6 Kg7 40. Bxf6+ Kg8 41. Qg5+ 1-0

[Event "16th Spilimbergo Open 2018"]
[Site "Spilimbergo"]
[Date "2018.08.14"]
[Round "7.16"]
[White "Montilli, Vincenzo"]
[Black "Beletic, Daniel"]
[Result "1/2-1/2"]
[ECO "A21"]
[WhiteElo "2262"]
[BlackElo "2374"]
[Annotator "ChessBase"]
[PlyCount "107"]
[EventDate "2018.08.10"]
[EventType "swiss"]
[EventCountry "ITA"]
[SourceTitle "playchess.com"]
[Source "ChessBase"]
[SourceQuality "1"]
[TimeControl "5400+30"]

1. c4 e5 2. g3 d6 3. Bg2 f5 4. Nc3 Nf6 5. e3 Be7 6. Nge2 O-O 7. O-O c6 8. d3 Na6 9. Rb1 d5 10. a3 dxc4 11. dxc4 Qe8 12. b4 Be6 13. c5 Qh5 14. f3 Kh8 15. Qc2 Rad8 16. Bb2 Qh6 17. Nd1 Nc7 18. Bxe5 Rxd1 19. Bf4 Rxf1+ 20. Rxf1 g5 21. Bxc7 Nd5 22. Be5+ Kg8 23. Qc1 a5 24. Nc3 axb4 25. Nxd5 Bxd5 26. axb4 Qe6 27. Qc3 Re8 28. e4 Ba2 29. Bh8 Bf8 30. Rd1 fxe4 31. fxe4 Qb3 32. Rf1 Qxc3 33. Bxc3 Bg7 34. Bxg7 Kxg7 35. Rd1 Be6 36. e5 Ra8 37. Rb1 Ra2 38. b5 Ra5 39. bxc6 bxc6 40. Rc1 Bd7 41. Be4 h6 42. Kf2 Kf7 43. Rd1 Ke7 44. Rd6 Rxc5 45. Rxh6 Rxe5 46. Bxc6 Bg4 47. h3 Re2+ 48. Kf1 Re6 49. Rh7+ Kd6 50. hxg4 Kxc6 51. Rf7 Kd6 52. Kf2 Re5 53. Kf3 Ke6 54. Rf8 1/2-1/2

[Event "16th Spilimbergo Open 2018"]
[Site "Spilimbergo"]
[Date "2018.08.14"]
[Round "8.2"]
[White "Bosiocic, Marin"]
[Black "Borisek, Jure"]
[Result "1-0"]
[ECO "C92"]
[WhiteElo "2590"]
[BlackElo "2576"]
[Annotator "ChessBase"]
[PlyCount "75"]
[EventDate "2018.08.10"]
[EventType "swiss"]
[EventCountry "ITA"]
[SourceTitle "playchess.com"]
[Source "ChessBase"]
[SourceQuality "1"]
[TimeControl "5400+30"]

1. e4 e5 2. Nf3 Nc6 3. Bb5 a6 4. Ba4 Nf6 5. O-O Be7 6. Re1 b5 7. Bb3 d6 8. c3 O-O 9. h3 Bb7 10. d4 Re8 11. Nbd2 exd4 12. cxd4 Nd7 13. Nf1 Na5 14. Bc2 Bf6 15. Ng3 g6 16. Rb1 c5 17. d5 Nc4 18. Nh2 Bg7 19. b3 Ncb6 20. Ng4 Ne5 21. Ne3 a5 22. f4 Ned7 23. Qf3 Bc8 24. Bb2 Bxb2 25. Rxb2 b4 26. Bd3 a4 27. Bb5 axb3 28. axb3 Ra3 29. Bxd7 Bxd7 30. f5 Kh8 31. Rbb1 Bb5 32. e5 Rxe5 33. Ng4 Rxe1+ 34. Rxe1 Ra7 35. fxg6 fxg6 36. Ne4 Qe7 37. Qg3 Ra2 38. Nc3 1-0

[Event "16th Spilimbergo Open 2018"]
[Site "Spilimbergo"]
[Date "2018.08.14"]
[Round "8.4"]
[White "Nisipeanu, Liviu-Dieter"]
[Black "Krysa, Leandro"]
[Result "1-0"]
[ECO "C65"]
[WhiteElo "2657"]
[BlackElo "2523"]
[Annotator "ChessBase"]
[PlyCount "83"]
[EventDate "2018.08.10"]
[EventType "swiss"]
[EventCountry "ITA"]
[SourceTitle "playchess.com"]
[Source "ChessBase"]
[SourceQuality "1"]
[TimeControl "5400+30"]

1. e4 e5 2. Nf3 Nc6 3. Bb5 Nf6 4. d3 Bc5 5. Bxc6 dxc6 6. Nbd2 O-O 7. O-O Nd7 8. Nc4 Re8 9. Kh1 f6 10. Nh4 Nf8 11. Be3 Qe7 12. Bxc5 Qxc5 13. Ne3 Be6 14. g3 a5 15. a4 Rad8 16. Qe2 Bf7 17. f4 Ne6 18. Qf2 Nd4 19. Nf3 Bh5 20. g4 Bg6 21. f5 Bf7 22. Nxd4 Qxd4 23. b3 h6 24. h4 Kf8 25. Kg2 Ke7 26. g5 Rh8 27. Rh1 b6 28. Rag1 Rdg8 29. g6 Be8 30. Qd2 Qb4 31. c3 Qxb3 32. Ra1 Rf8 33. Nc4 c5 34. Rhb1 Qxc4 35. dxc4 Bc6 36. Qc2 Rd8 37. Rd1 Rxd1 38. Rxd1 Rd8 39. Rd5 Rd6 40. Qd1 Bd7 41. Rxd6 Bc6 42. Rd5 1-0

[Event "16th Spilimbergo Open 2018"]
[Site "Spilimbergo"]
[Date "2018.08.14"]
[Round "8.6"]
[White "Karthik Venkataraman"]
[Black "Jobava, Baadur"]
[Result "0-1"]
[ECO "A01"]
[WhiteElo "2502"]
[BlackElo "2646"]
[Annotator "ChessBase"]
[PlyCount "102"]
[EventDate "2018.08.10"]
[EventType "swiss"]
[EventCountry "ITA"]
[SourceTitle "playchess.com"]
[Source "ChessBase"]
[SourceQuality "1"]
[TimeControl "5400+30"]

1. b3 d5 2. Bb2 c5 3. e3 Nc6 4. Bb5 Bd7 5. Nf3 f6 6. d4 cxd4 7. exd4 e6 8. O-O Bd6 9. Re1 Nge7 10. a3 Rb8 11. Bd3 b5 12. Qe2 O-O 13. Nbd2 a5 14. Rab1 b4 15. axb4 Nxb4 16. c4 Nec6 17. Bc3 Na2 18. Ba1 Ncb4 19. Nf1 Be8 20. Red1 Nxd3 21. Qxa2 Bg6 22. Qd2 Nxf2 23. Qxf2 Bxb1 24. Rxb1 dxc4 25. Qe2 Qd7 26. Qxc4 Rfc8 27. Qd3 Qb5 28. Qe3 Qf5 29. Re1 Bf4 30. Qe2 Rxb3 31. d5 Qxd5 32. Rd1 Qc5+ 33. Kh1 e5 34. Nd4 Rb6 35. Nf5 g6 36. Qg4 Kf8 37. N5e3 Bxe3 38. Nxe3 Rcb8 39. Qf3 Rd6 40. Rf1 Rb3 41. Qa8+ Ke7 42. Ng4 Qb5 43. Qa7+ Qd7 44. Qf2 Qf5 45. Qe1 Qxg4 46. Bxe5 fxe5 47. Qxe5+ Kd7 48. Qg7+ Kc6 49. Rc1+ Kd5 50. Qf7+ Qe6 51. Qf1 Qe3 0-1

[Event "16th Spilimbergo Open 2018"]
[Site "Spilimbergo"]
[Date "2018.08.14"]
[Round "8.7"]
[White "Barp, Alberto"]
[Black "Brunello, Sabino"]
[Result "1/2-1/2"]
[ECO "A33"]
[WhiteElo "2340"]
[BlackElo "2555"]
[Annotator "ChessBase"]
[PlyCount "90"]
[EventDate "2018.08.10"]
[EventType "swiss"]
[EventCountry "ITA"]
[SourceTitle "playchess.com"]
[Source "ChessBase"]
[SourceQuality "1"]
[TimeControl "5400+30"]

1. d4 Nf6 2. c4 e6 3. g3 c5 4. Nf3 cxd4 5. Nxd4 Nc6 6. Bg2 Bc5 7. Nb3 Be7 8. Nc3 O-O 9. O-O d6 10. Nd4 Ne5 11. b3 a6 12. Bb2 Rb8 13. Qd2 Bd7 14. Rfd1 b5 15. cxb5 axb5 16. a3 Qb6 17. Na2 Ng6 18. Nb4 d5 19. Rac1 Rfc8 20. Rxc8+ Rxc8 21. Rc1 Rxc1+ 22. Qxc1 Bc5 23. e3 Ne7 24. Nf3 Nf5 25. Nd3 Bf8 26. Nfe5 Be8 27. Bc3 Qc7 28. Bd2 Qxc1+ 29. Bxc1 Ne4 30. Nf3 g5 31. Bb2 Bg7 32. Bxg7 Kxg7 33. g4 Nfd6 34. Nd4 Kf6 35. Bxe4 Nxe4 36. f3 Nc3 37. Kf2 Nb1 38. Nc2 Ke7 39. Ke2 f6 40. Kd1 h5 41. h3 h4 42. Kc1 Nc3 43. Kd2 Nb1+ 44. Kc1 Nc3 45. Kd2 Nb1+ 1/2-1/2

[Event "16th Spilimbergo Open 2018"]
[Site "Spilimbergo"]
[Date "2018.08.14"]
[Round "8.8"]
[White "Rombaldoni, Denis"]
[Black "Mesaros, Florian"]
[Result "0-1"]
[ECO "A07"]
[WhiteElo "2508"]
[BlackElo "2422"]
[Annotator "ChessBase"]
[PlyCount "112"]
[EventDate "2018.08.10"]
[EventType "swiss"]
[EventCountry "ITA"]
[SourceTitle "playchess.com"]
[Source "ChessBase"]
[SourceQuality "1"]
[TimeControl "5400+30"]

1. Nf3 d5 2. g3 g6 3. d3 Bg7 4. Nbd2 e5 5. e4 Ne7 6. exd5 Nxd5 7. Bg2 O-O 8. O-O Nc6 9. Re1 Re8 10. c3 a5 11. a4 Bg4 12. h3 Bf5 13. Ne4 h6 14. Nh4 Bc8 15. Qb3 Nde7 16. Be3 b6 17. d4 Be6 18. Qb5 exd4 19. Bxh6 Bxh6 20. Nf6+ Kg7 21. Nxe8+ Qxe8 22. cxd4 Qd7 23. f4 Qxd4+ 24. Kh2 Bc4 25. Nf3 Qd3 26. Ne5 Bxb5 27. Nxd3 Bxd3 28. Rxe7 Nxe7 29. Bxa8 g5 30. Rd1 Bf5 31. g4 Bc8 32. f5 Kf6 33. Rc1 c5 34. Rd1 Ke5 35. Re1+ Kf6 36. Rd1 Ke5 37. Re1+ Kd6 38. f6 Ng6 39. Re8 Bd7 40. Rb8 Bxa4 41. Be4 Nf8 42. Rxb6+ Ke5 43. Bf5 c4 44. Kg3 Ne6 45. Bxe6 fxe6 46. f7 Kf6 47. Ra6 Kxf7 48. Rxa5 Bb3 49. Re5 Bg7 50. Re2 Bf6 51. h4 gxh4+ 52. Kf4 Kg6 53. Rxe6 c3 54. Rxf6+ Kxf6 55. bxc3 Kg6 56. g5 Be6 0-1

[Event "16th Spilimbergo Open 2018"]
[Site "Spilimbergo"]
[Date "2018.08.14"]
[Round "8.9"]
[White "Bove, Alessandro"]
[Black "Korpa, Bence"]
[Result "1/2-1/2"]
[ECO "B44"]
[WhiteElo "2308"]
[BlackElo "2506"]
[Annotator "ChessBase"]
[PlyCount "268"]
[EventDate "2018.08.10"]
[EventType "swiss"]
[EventCountry "ITA"]
[SourceTitle "playchess.com"]
[Source "ChessBase"]
[SourceQuality "1"]
[TimeControl "5400+30"]

1. c4 c5 2. Nf3 Nf6 3. Nc3 Nc6 4. d4 cxd4 5. Nxd4 e6 6. e4 Bb4 7. Nxc6 dxc6 8. Qxd8+ Kxd8 9. e5 Nd7 10. f4 Bxc3+ 11. bxc3 b6 12. h4 h5 13. Rh3 Bb7 14. Rd3 Kc7 15. Be3 c5 16. Rad1 Rad8 17. Kf2 Be4 18. Rd6 Nb8 19. Rxd8 Rxd8 20. Rxd8 Kxd8 21. Be2 g6 22. g4 hxg4 23. Bxg4 Nc6 24. h5 gxh5 25. Bxh5 Ke7 26. Be2 Na5 27. Kg3 Bb1 28. a3 Ba2 29. Kg4 Bxc4 30. Bd1 Bd3 31. Kg5 Kf8 32. Kf6 Nc6 33. Bf3 Ne7 34. Kg5 Kg7 35. Bd2 Ng6 36. Bg4 Bc2 37. Be1 Be4 38. Bd2 Ne7 39. Bh3 Bf5 40. Bg2 Ng8 41. Bf3 f6+ 42. exf6+ Nxf6 43. Be1 Be4 44. Be2 Nh7+ 45. Kh5 Bg6+ 46. Kg4 Nf6+ 47. Kg5 Ne4+ 48. Kg4 Kh6 49. Kh4 Nd6 50. Bf2 Be8 51. Bg4 Bd7 52. Be3 Kg6 53. Bc1 Kf6 54. Kg3 Bc6 55. Kf2 Bd5 56. Ke3 Ke7 57. Kd3 Be4+ 58. Ke3 Kd7 59. Be2 Bd5 60. Bd2 Kc6 61. Be1 Bc4 62. Bd1 Kb5 63. Kd2 Bd5 64. Kc2 Be4+ 65. Kb3 Kc6 66. Be2 Kd5 67. c4+ Kc6 68. Kc3 Bg2 69. Bd3 Bh3 70. Be2 Kd7 71. Kb3 Ke8 72. Bh4 Nf5 73. Bf6 Kf7 74. Be5 Nd4+ 75. Bxd4 cxd4 76. c5 bxc5 77. Kc4 Kf6 78. Kxc5 Kf5 79. Kxd4 Kxf4 80. Kd3 e5 81. Kd2 Ke4 82. Bd3+ Kd4 83. Bg6 Be6 84. Bh7 Bd5 85. Bg6 e4 86. Kc2 e3 87. Bh5 Be4+ 88. Kd1 a5 89. Be8 Bd3 90. a4 Kc3 91. Bd7 Kb4 92. Bc6 Bc4 93. Bd7 Bb3+ 94. Ke2 Bxa4 95. Bg4 Bb3 96. Bd7 Ba4 97. Bg4 Kc3 98. Kxe3 Kc2 99. Bf5+ Kc1 100. Kd4 Kb2 101. Bg4 Kc2 102. Bf5+ Kb3 103. Bg4 Kc2 104. Bf5+ Kb2 105. Bg4 Be8 106. Bd1 Kc1 107. Bb3 Kd2 108. Kc5 Kc3 109. Bd1 Bd7 110. Kb6 Kb4 111. Bc2 Bg4 112. Ka6 Bf3 113. Kb6 Be2 114. Kc7 Kc5 115. Kb7 Kb5 116. Kc7 Bc4 117. Bd1 Bd5 118. Kd6 Bf7 119. Kc7 Bg8 120. Bc2 Bc4 121. Bd1 Bd3 122. Kb7 Bf5 123. Be2+ Kc5 124. Bd1 Bd3 125. Kc7 Be4 126. Ba4 Bf3 127. Bc2 Bd5 128. Bd1 Kb5 129. Kd6 Ba2 130. Kc7 Bc4 131. Kb7 Kc5 132. Kc7 Bd5 133. Bc2 Bf3 134. Ba4 Kb4 1/2-1/2

[Event "16th Spilimbergo Open 2018"]
[Site "Spilimbergo"]
[Date "2018.08.14"]
[Round "8.11"]
[White "Sonis, Francesco"]
[Black "Solomon, Kenny"]
[Result "1-0"]
[ECO "A30"]
[WhiteElo "2468"]
[BlackElo "2395"]
[Annotator "ChessBase"]
[PlyCount "107"]
[EventDate "2018.08.10"]
[EventType "swiss"]
[EventCountry "ITA"]
[SourceTitle "playchess.com"]
[Source "ChessBase"]
[SourceQuality "1"]
[TimeControl "5400+30"]

1. Nf3 Nf6 2. c4 b6 3. g3 c5 4. Bg2 Bb7 5. O-O g6 6. Nc3 Bg7 7. d4 cxd4 8. Nxd4 Bxg2 9. Kxg2 Qc8 10. b3 d5 11. Nxd5 Nxd5 12. cxd5 Qc5 13. Nf3 Bxa1 14. Be3 Qb5 15. Qxa1 f6 16. Qd4 Na6 17. Qe4 Rd8 18. Rd1 O-O 19. Bh6 Rf7 20. h4 Nc7 21. h5 g5 22. Qf5 Qd7 23. Qc2 Nxd5 24. Rd2 Nf4+ 25. Kg1 Nxe2+ 26. Kh2 Qc8 27. Qxc8 Rxc8 28. Rxe2 e5 29. Ne1 Rd7 30. f4 exf4 31. gxf4 gxf4 32. Bxf4 Kf7 33. Ng2 Rd5 34. h6 Rh5+ 35. Kg3 Rg8+ 36. Kf2 Rf5 37. Kf3 Rd5 38. Rc2 Rd7 39. Ne3 Rgd8 40. Rc6 Re8 41. Kg4 Re6 42. Rc2 Kg6 43. Rg2 Kf7 44. Kf5 Ree7 45. Rg7+ Kf8 46. Kxf6 Rf7+ 47. Rxf7+ Rxf7+ 48. Ke5 Rd7 49. Nd5 Kf7 50. Nf6 Rd8 51. Kf5 Rh8 52. Be5 b5 53. b4 a6 54. a3 1-0

[Event "16th Spilimbergo Open 2018"]
[Site "Spilimbergo"]
[Date "2018.08.14"]
[Round "8.13"]
[White "Aghayev, Miragha"]
[Black "Rahul Srivatshav P"]
[Result "1/2-1/2"]
[ECO "B07"]
[WhiteElo "2424"]
[BlackElo "2388"]
[Annotator "NA"]
[PlyCount "104"]
[EventDate "2018.08.10"]
[EventType "swiss"]
[EventCountry "ITA"]
[SourceTitle "playchess.com"]
[Source "ChessBase"]
[SourceQuality "1"]
[TimeControl "5400+30"]

1. d4 Nf6 2. Nf3 g6 3. g3 Bg7 4. Bg2 O-O 5. O-O d6 6. Nc3 Nbd7 7. e4 e5 8. Re1 c6 9. a4 a5 10. h3 Re8 11. Be3 b6 12. Qd2 Ba6 13. Rad1 Qc8 14. Bh6 Qc7 15. b3 Rad8 16. Bg5 Rc8 17. Kh2 Nf8 18. Kg1 N8d7 19. Kh1 Nf8 20. Kh2 N8d7 21. Bh6 Bb7 22. Bf1 Bxh6 23. Qxh6 d5 24. exd5 e4 25. d6 Qxd6 26. Ng5 c5 27. Nb5 Qe7 28. d5 Ne5 29. Rxe4 Qf8 30. Qxf8+ Kxf8 31. Ree1 h6 32. f4 Neg4+ 33. hxg4 Nxg4+ 34. Kg1 hxg5 35. Bh3 Rxe1+ 36. Rxe1 f5 37. Bxg4 fxg4 38. Nd6 Rd8 39. Nxb7 Rd7 40. fxg5 Rxb7 41. c4 Re7 42. Rxe7 Kxe7 43. Kf2 Kd6 44. Ke2 Ke5 45. Kd3 Kf5 46. Kd2 Ke5 47. Ke2 Kf5 48. Kf2 Ke5 49. Ke3 Kf5 50. d6 Ke6 51. Kf4 Kxd6 52. Ke4 Ke6 1/2-1/2

[Event "16th Spilimbergo Open 2018"]
[Site "Spilimbergo"]
[Date "2018.08.14"]
[Round "8.14"]
[White "Aleksic, Nenad"]
[Black "Altini, Nicola"]
[Result "1/2-1/2"]
[ECO "C54"]
[WhiteElo "2307"]
[BlackElo "2425"]
[Annotator "NA"]
[PlyCount "57"]
[EventDate "2018.08.10"]
[EventType "swiss"]
[EventCountry "ITA"]
[SourceTitle "playchess.com"]
[Source "ChessBase"]
[SourceQuality "1"]
[TimeControl "5400+30"]

1. e4 e5 2. Nf3 Nc6 3. Bc4 Bc5 4. c3 Nf6 5. d3 d6 6. Nbd2 a6 7. Bb3 Ba7 8. h3 O-O 9. Nf1 h6 10. Ng3 d5 11. O-O Re8 12. exd5 Nxd5 13. Re1 Be6 14. Bd2 Qd6 15. Qe2 Nf6 16. Ne4 Nxe4 17. dxe4 Ne7 18. Rad1 Bxb3 19. axb3 Qe6 20. b4 Ng6 21. Bc1 Rad8 22. Rd3 Qf6 23. Red1 Rxd3 24. Rxd3 Rd8 25. g3 Rd6 26. Kg2 Qe6 27. Rxd6 Qxd6 28. h4 Ne7 29. Be3 1/2-1/2

[Event "16th Spilimbergo Open 2018"]
[Site "Spilimbergo"]
[Date "2018.08.14"]
[Round "8.15"]
[White "Collutiis, Duilio"]
[Black "Vezzosi, Paolo"]
[Result "1/2-1/2"]
[ECO "B38"]
[WhiteElo "2415"]
[BlackElo "2301"]
[Annotator "NA"]
[PlyCount "55"]
[EventDate "2018.08.10"]
[EventType "swiss"]
[EventCountry "ITA"]
[SourceTitle "playchess.com"]
[Source "ChessBase"]
[SourceQuality "1"]
[TimeControl "5400+30"]

1. c4 c5 2. Nf3 Nc6 3. d4 cxd4 4. Nxd4 Nf6 5. Nc3 g6 6. e4 d6 7. Be2 Bg7 8. Be3 Bd7 9. O-O O-O 10. Qd2 a5 11. f3 Nxd4 12. Bxd4 Bc6 13. b3 Nd7 14. Be3 Nc5 15. Rab1 f5 16. exf5 gxf5 17. Nd5 Bxd5 18. Qxd5+ e6 19. Qd2 Qc7 20. Qd5 Qd8 21. Qd2 Qc7 22. Kh1 Rad8 23. Qc2 f4 24. Bg1 Be5 25. a3 Ra8 26. Rbd1 Qg7 27. Bd3 Rac8 28. Rfe1 1/2-1/2

[Event "16th Spilimbergo Open 2018"]
[Site "Spilimbergo"]
[Date "2018.08.14"]
[Round "8.16"]
[White "Della Pietra, Andrea"]
[Black "Beletic, Daniel"]
[Result "1/2-1/2"]
[ECO "A41"]
[WhiteElo "2212"]
[BlackElo "2374"]
[Annotator "NA"]
[PlyCount "29"]
[EventDate "2018.08.10"]
[EventType "swiss"]
[EventCountry "ITA"]
[SourceTitle "playchess.com"]
[Source "ChessBase"]
[SourceQuality "1"]
[TimeControl "5400+30"]

1. d4 d6 2. c4 e5 3. d5 f5 4. e4 fxe4 5. Nc3 Nf6 6. Nge2 Bf5 7. Ng3 Bg6 8. Bg5 Be7 9. Bxf6 Bxf6 10. Ngxe4 O-O 11. Bd3 Nd7 12. Qc2 Bg5 13. h4 Bh6 14. g4 Bf4 15. h5 1/2-1/2

[Event "16th Spilimbergo Open 2018"]
[Site "Spilimbergo"]
[Date "2018.08.15"]
[Round "9.4"]
[White "Lodici, Lorenzo"]
[Black "Borisek, Jure"]
[Result "1-0"]
[ECO "D20"]
[WhiteElo "2447"]
[BlackElo "2576"]
[Annotator "RC"]
[PlyCount "71"]
[EventDate "2018.08.10"]
[EventType "swiss"]
[EventCountry "ITA"]
[SourceTitle "playchess.com"]
[Source "ChessBase"]
[SourceQuality "1"]
[TimeControl "5400+30"]

1. d4 d5 2. c4 dxc4 3. e4 e5 4. Nf3 exd4 5. Bxc4 Nc6 6. O-O Be6 7. Bxe6 fxe6 8. Qb3 Qd7 9. Qxb7 Rb8 10. Qa6 Nf6 11. Nbd2 Bd6 12. a3 O-O 13. b4 e5 14. Ne1 Ne7 15. Nd3 g5 16. Nc4 Ng6 17. f3 g4 18. Bh6 Rf7 19. f4 Nxe4 20. fxe5 Bf8 21. e6 Rxf1+ 22. Rxf1 Qc8 23. Qc6 Bxh6 24. Qxe4 Qa6 25. Qd5 Ne7 26. Qxd4 Qxe6 27. Nc5 Qd5 28. Qxg4+ Kh8 29. Qe6 Rg8 30. Qxd5 Nxd5 31. Rf7 Rg4 32. Ne5 Rd4 33. Ne6 Rd1+ 34. Kf2 Rd2+ 35. Kg3 Ne3 36. Rxc7 1-0

[Event "16th Spilimbergo Open 2018"]
[Site "Spilimbergo"]
[Date "2018.08.15"]
[Round "9.5"]
[White "Mesaros, Florian"]
[Black "Sonis, Francesco"]
[Result "1-0"]
[ECO "D11"]
[WhiteElo "2422"]
[BlackElo "2468"]
[Annotator "ChessBase"]
[PlyCount "151"]
[EventDate "2018.08.10"]
[EventType "swiss"]
[EventCountry "ITA"]
[SourceTitle "playchess.com"]
[Source "ChessBase"]
[SourceQuality "1"]
[TimeControl "5400+30"]

1. Nf3 d5 2. d4 Nf6 3. c4 c6 4. e3 Bg4 5. Nc3 e6 6. h3 Bh5 7. g4 Bg6 8. Ne5 Nbd7 9. Nxg6 hxg6 10. g5 Ng8 11. h4 Ne7 12. cxd5 cxd5 13. Bd2 Nf5 14. Qg4 Qb6 15. Bd3 Bb4 16. Rc1 Rc8 17. Ke2 Ke7 18. a3 Bxc3 19. Bxc3 Nd6 20. h5 gxh5 21. Rxh5 a5 22. Rxh8 Rxh8 23. g6 f5 24. Qf4 Ne4 25. b3 Qxb3 26. Bxa5 Qxa3 27. Qc7 b6 28. Be1 Nd6 29. Rc3 Qa8 30. Rc6 Qa3 31. Rc3 Qa4 32. Rc6 Ne8 33. Qc8 f4 34. exf4 Rf8 35. f3 Qxd4 36. Bg3 Nef6 37. Qc7 Ra8 38. Qd6+ Kd8 39. Qxe6 Ra2+ 40. Rc2 Rxc2+ 41. Bxc2 Qc4+ 42. Kd2 Qd4+ 43. Ke2 Qc3 44. Bf5 Qb2+ 45. Kf1 Qb5+ 46. Kg2 Qb2+ 47. Bf2 Qb4 48. Bh4 Qb2+ 49. Kh3 Kc7 50. Qe7 Qc3 51. Bg4 Qc1 52. Bxf6 Qh1+ 53. Kg3 Qg1+ 54. Kh3 Qh1+ 55. Kg3 Qg1+ 56. Kh4 Qh2+ 57. Kg5 gxf6+ 58. Kf5 Kc6 59. Ke6 Nc5+ 60. Kf7 f5 61. g7 fxg4 62. g8=Q Qxf4+ 63. Qf6+ Qxf6+ 64. Kxf6 gxf3 65. Qe8+ Kc7 66. Ke5 f2 67. Qf7+ Kc6 68. Kd4 Nb3+ 69. Ke3 d4+ 70. Kxf2 Nc5 71. Qc4 d3 72. Ke3 Kd6 73. Kd4 Kc6 74. Qd5+ Kb5 75. Kc3 Ka5 76. Kc4 1-0

[Event "16th Spilimbergo Open 2018"]
[Site "Spilimbergo"]
[Date "2018.08.15"]
[Round "9.9"]
[White "Krysa, Leandro"]
[Black "Bove, Alessandro"]
[Result "1-0"]
[ECO "A29"]
[WhiteElo "2523"]
[BlackElo "2308"]
[Annotator "ChessBase"]
[PlyCount "45"]
[EventDate "2018.08.10"]
[EventType "swiss"]
[EventCountry "ITA"]
[SourceTitle "playchess.com"]
[Source "ChessBase"]
[SourceQuality "1"]
[TimeControl "5400+30"]

1. c4 Nf6 2. Nc3 Nc6 3. Nf3 e5 4. g3 d5 5. cxd5 Nxd5 6. Bg2 Be6 7. O-O Be7 8. d4 exd4 9. Nxd4 Nxd4 10. Qxd4 Nxc3 11. Qxc3 O-O 12. Bxb7 Rb8 13. Bg2 Bf6 14. Qa5 Bxb2 15. Bxb2 Rxb2 16. Qxa7 Bc4 17. Rfc1 Bxe2 18. Qxc7 Qd2 19. a4 Bf3 20. Qc5 Bxg2 21. Kxg2 g6 22. a5 Rd8 23. Rd1 1-0

[Event "16th Spilimbergo Open 2018"]
[Site "Spilimbergo"]
[Date "2018.08.15"]
[Round "9.14"]
[White "Altini, Nicola"]
[Black "Della Pietra, Andrea"]
[Result "1-0"]
[ECO "E73"]
[WhiteElo "2425"]
[BlackElo "2212"]
[Annotator "NA RC"]
[PlyCount "117"]
[EventDate "2018.08.10"]
[EventType "swiss"]
[EventCountry "ITA"]
[SourceTitle "playchess.com"]
[Source "ChessBase"]
[SourceQuality "1"]
[TimeControl "5400+30"]

1. d4 Nf6 2. c4 g6 3. Nc3 Bg7 4. e4 d6 5. Be2 O-O 6. Be3 e5 7. d5 Na6 8. g4 Nc5 9. f3 a5 10. h4 h5 11. g5 Nh7 12. Nh3 Bd7 13. Qd2 a4 14. Nf2 Kh8 15. Kd1 f5 16. gxf6 Bxf6 17. Kc2 Bxh4 18. Rag1 Rg8 19. Rg2 g5 20. Nh3 Qf6 21. Kb1 Qe7 22. Bd1 Raf8 23. Ng1 Rb8 24. Bxc5 dxc5 25. Bxa4 Bxa4 26. Nxa4 b5 27. cxb5 Rxb5 28. Qc3 Nf6 29. Nh3 Qd6 30. Qc1 Nh7 31. Rc2 g4 32. fxg4 hxg4 33. Ng1 Bg5 34. Qf1 Ra5 35. Rch2 Rg7 36. Qf5 Qe7 37. Nc3 g3 38. Rxh7+ Rxh7 39. Rxh7+ Qxh7 40. Qxg5 Qh2 41. Qxe5+ Kg8 42. Nce2 Ra8 43. Qxg3+ Qxg3 44. Nxg3 Kf7 45. a3 Rg8 46. N1e2 Kf6 47. Kc2 Ke5 48. Kc3 Rb8 49. b3 Ra8 50. a4 Rb8 51. Kc4 Rb4+ 52. Kc3 Rb8 53. Kc4 Rb4+ 54. Kxc5 Rxb3 55. a5 Rb2 56. Nc3 Kf4 57. Nge2+ Ke5 58. Nd4 Kf6 59. a6 1-0